 Dungeon Crawl Stone Soup version 0.23-a0-8-gb809bb7 (webtiles) character file.

391 Kuinu the Skirmisher (level 6, -4/57 HPs)
             Began as a Draconian Berserker on Aug 1, 2018.
             Was a Priest of Trog.
             Slain by an iguana (6 damage)
             ... on level 4 of the Dungeon.
             The game lasted 00:04:44 (2719 turns).

Kuinu the Skirmisher (Draconian Berserker)          Turns: 2719, Time: 00:04:44

Health: -4/57      AC:  6    Str: 19    XL:     6   Next: 50%
Magic:  6/6        EV: 13    Int:  8    God:    Trog [***...]
Gold:   90         SH:  0    Dex: 12    Spells: 5/5 levels left

rFire    . . .     SeeInvis .   a - +0 falchion
rCold    . . .     Gourm    .   (no shield)
rNeg     . . .     Faith    .   (armour unavailable)
rPois    .         Spirit   .   (helmet restricted)
rElec    .         Reflect  .   (no cloak)
rCorr    .         Harm     .   (no gloves)
MR       ++...                  (no boots)
Stlth    +.........             (no amulet)
HPRegen  1.19/turn              (no ring)
MPRegen  0.10/turn              (no ring)

@: berserk cooldown, regenerating
A: unfitting armour, cold-blooded, AC +6
a: Berserk, Trog's Hand, Renounce Religion


You were on level 4 of the Dungeon.
You worshipped Trog.
Trog was most pleased with you.
You were near starving.

You visited 1 branch of the dungeon, and saw 4 of its levels.

You collected 90 gold pieces.

Inventory:

Hand Weapons
 a - a +0 falchion (weapon)
Scrolls
 c - a scroll of identify {unknown}
 e - a scroll of amnesia {unknown}
 f - 2 scrolls of remove curse
Potions
 d - a potion of invisibility {unknown}
 g - a potion of agility {unknown}
 h - a potion of degeneration {unknown}
Comestibles
 b - 5 rations
 i - 3 chunks of flesh


   Skills:
 * Level 5.7 Fighting
 * Level 5.2 Long Blades
 + Level 3.8 Dodging


You had 5 spell levels left.
You didn't know any spells.
Your spell library was empty.

Dungeon Overview and Level Annotations

Branches:
Dungeon (4/15)
 Temple: D:4-7

Altars:
Okawaru
Trog
Xom


Innate Abilities, Weirdness & Mutations

Your plain brown scales are hard. (AC +6)
You cannot fit into any form of body armour.
You are cold-blooded and may be slowed by cold attacks.


Message History

The ogre is almost dead.
Your skin stops crawling.
You feel less resistant to hostile enchantments.
The ogre hits you with a giant club!!
* * * LOW HITPOINT WARNING * * *
You hit the ogre but do no damage.
The ogre is almost dead.
The ogre misses you.
You riposte.
You barely miss the ogre.
The ogre is almost dead.
You hit the ogre but do no damage.
Your tail-slap misses the ogre.
The ogre is almost dead.
The ogre misses you.
Okay, then.
You slash the ogre!
You kill the ogre!
Trog accepts your kill.
Your skin crawls.
You feel resistant to hostile enchantments.
You feel somewhat more hungry. The iguana bites you.
You die...

#.#..########
...........#
#........... .#
#..........#
...#..........#
..............#
.......)).....##
...[..)@).......
.....##l#.###..<
.....##†#.......
....#...........
........<.......
##..............
................
..####..........
. #.......###


You could see an iguana.

Vanquished Creatures
  An ogre (D:4)
  A hound (D:4)
  An orc priest (D:4)
  A bullfrog skeleton (D:3)
  2 worker ants (D:4)
  A gnoll (D:1)
  6 adders
  2 oozes (D:2)
  An adder zombie (D:1)
  4 worms
  3 leopard geckos
  10 orcs
  2 ball pythons
  4 bats
  5 giant cockroaches
  5 hobgoblins
  2 jackals (D:1)
  A quokka (D:3)
  4 frilled lizards
  6 goblins
  5 kobolds
  A leopard gecko zombie (D:1)
  13 rats
81 creatures vanquished.

Notes
Turn   | Place    | Note
-------+----------+-------------------------------------------
     0 | D:1      | Kuinu the Draconian Berserker began the quest for the Orb.
     0 | D:1      | Reached XP level 1. HP: 19/19 MP: 1/1
   346 | D:1      | Reached XP level 2. HP: 26/26 MP: 2/2
   609 | D:1      | Reached XP level 3. HP: 19/33 MP: 3/3
   846 | D:1      | Reached ** piety under Trog
  1276 | D:2      | Reached XP level 4. HP: 38/40 MP: 4/4
  1596 | D:2      | Found a sparkling altar of Nemelex Xobeh.
  1598 | D:2      | Found a bloodstained altar of Trog.
  1598 | D:2      | Found an iron altar of Okawaru.
  1600 | D:2      | Found a shimmering altar of Xom.
  1600 | D:2      | Found a shimmering altar of Xom.
  1600 | D:2      | Found a shimmering altar of Xom.
  1921 | D:3      | Reached XP level 5. HP: 33/47 MP: 5/5
  2472 | D:3      | Noticed a moth of wrath
  2474 | D:3      | Found a bloodstained altar of Trog.
  2483 | D:3      | Reached *** piety under Trog
  2574 | D:3      | Found an iron altar of Okawaru.
  2676 | D:4      | Reached skill level 5 in Fighting
  2687 | D:4      | Noticed an ogre
  2699 | D:4      | Reached XP level 6. HP: 17/56 MP: 6/6
  2709 | D:4      | Reached skill level 5 in Long Blades
  2715 | D:4      | HP: 1/56 [ogre/giant club (19)]
  2719 | D:4      | Slain by an iguana

Vault maps used:
D:1:      saegor_arrival_fortress, minmay_stone_trees_medium,
          minmay_pentomino_x2
D:2:      doesnt_xom_only_xom
D:3:      lemuel_doored_altar, tgw_trog
D:4:      chequers_temple_overflow_minitemple, temple_green, first_ration,
          nicolae_tso_besieged_by_evil

Skill      XL: |  1  2  3  4  5  6 |
---------------+-------------------+-----
Dodging        | 3 |  3.8
Fighting       | 4 5 |  5.7
Long Blades    | 4 5 |  5.2

Action                   |  1- 3 |  4- 6 || total
-------------------------+-------+-------++-------
Melee: Falchion          |    83 |   157 ||   240
       Tailslap          |     8 |    25 ||    33
Invok: Berserk           |     1 |     3 ||     4
       Trog's Hand       |       |     2 ||     2
  Use: Scroll            |       |     1 ||     1
       Potion            |       |     3 ||     3
 Stab: Sleeping          |     2 |       ||     2
  Eat: Chunk             |     2 |     7 ||     9
Armor: Skin              |    29 |    35 ||    64
Dodge: Dodged            |    49 |   148 ||   197
       Rpst.: Falchion   |    17 |    43 ||    60

Table legend:
 A = Spawn XP
 B = Non-spawn XP
 C = Spawn XP percentage of total XP
 D = Spawn monster count
 E = Non-spawn monster count
 F = Spawn count percentage of total count
 G = Total turns spent on level
                    A         B        C        D         E        F      G
               +---------+---------+-------+---------+---------+-------+---------
         Total |       0 |     559 |   0.0 |       0 |      81 |   0.0 |  2719
               +---------+---------+-------+---------+---------+-------+---------
           D:1 |       0 |      55 |   0.0 |       0 |      24 |   0.0 |  1206
           D:2 |       0 |      74 |   0.0 |       0 |      20 |   0.0 |   500
           D:3 |       0 |     119 |   0.0 |       0 |      23 |   0.0 |   962
           D:4 |       0 |     311 |   0.0 |       0 |      14 |   0.0 |    51
               +---------+---------+-------+---------+---------+-------+---------
